 Dungeon Crawl Stone Soup version 0.30.1-11-g7821555f0a (webtiles) character file.

Game seed: 6110781230451811672

17 Jadoobi the Shooter (level 2, 0/17 HPs)
             Began as a Gargoyle Hunter on Nov 2, 2023.
             Slain by a gnoll
             ... wielding a +1 spear of flaming
              (1 damage)
             ... on level 2 of the Dungeon.
             The game lasted 00:03:07 (864 turns).

Jadoobi the Shooter (Gargoyle Hunter)                Turns: 864, Time: 00:03:07

Health: 0/17       AC:  5    Str: 14    XL:     2   Next: 62%
Magic:  2/2        EV: 11    Int:  9    God:
Gold:   37         SH:  0    Dex: 13    Spells: 1/1 levels left

rFire   . . .        a - +0 shortbow
rCold   . . .        (shield currently unavailable)
rNeg    + . .        c - +0 leather armour
rPois   ∞            (no helmet)
rElec   +            (no cloak)
rCorr   .            (no gloves)
SInv    .            (no boots)
Will    .....        (no amulet)
Stlth   +            (no ring)
HPRegen 0.22/turn    (no ring)
MPRegen 0.08/turn

%: no passive effects
@: no status effects
A: sickness immunity, AC +2, negative energy resistance 1, electricity
resistance, torment resistance 1, petrification resistance
a: no special abilities


You were on level 2 of the Dungeon.
You visited 1 branch of the dungeon, and saw 2 of its levels.

You collected 37 gold pieces.

Inventory:

Hand Weapons
 a - a +0 shortbow (weapon)
Armour
 c - a +0 leather armour (worn)
 e - a +0 ring mail
 g - a +0 chain mail
Scrolls
 b - a scroll of immolation
Potions
 d - a potion of might {unknown}
 f - a potion of mutation


   Skills:
 - Level 2.2 Fighting
 + Level 4.6 Ranged Weapons
 - Level 1.6 Dodging
 - Level 1.1 Stealth


You had one spell level left.
You didn't know any spells.
Your spell library was empty.

Dungeon Overview and Level Annotations

Branches:
Dungeon (2/15)

Altars:


Innate Abilities, Weirdness & Mutations

You are immune to sickness and miasma.
Your stone body is resilient. (AC +2)
You are immune to poison.
You resist negative energy. (rN+)
You are resistant to electric shocks. (rElec)
You are resistant to unholy torment.
You are immune to petrification.


Message History

You shoot an arrow. The arrow closely misses the gnoll.
The arrow barely misses the gnoll.
The gnoll hits you with a +0 flail of protection.
Fire: a) +0 shortbow
Press: ? - help, Q - select action Shift-Dir - straight line, f/p - gnoll
Aim: a gnoll, wielding a +0 flail of protection (heavily wounded, 64% to hit)
You shoot an arrow.
The arrow hits the gnoll but does no damage.
The gnoll is heavily wounded.
The gnoll hits you with a +0 flail of protection.
The gnoll barely misses you. The gnoll closely misses you.
The gnoll barely misses you.
Fire: a) +0 shortbow
Press: ? - help, Q - select action Shift-Dir - straight line, f/p - gnoll
Aim: a gnoll, wielding a +0 flail of protection (heavily wounded, 64% to hit)
You shoot an arrow. The arrow closely misses the gnoll.
The arrow barely misses the gnoll.
The goblin barely misses you. The gnoll hits you but does no damage.
The gnoll barely misses you.
Fire: a) +0 shortbow
Press: ? - help, Q - select action Shift-Dir - straight line, f/p - gnoll
Aim: a gnoll, wielding a +0 flail of protection (heavily wounded, 64% to hit)
You shoot an arrow. The arrow barely misses the gnoll.
The arrow hits the gnoll.
The gnoll is almost dead.
The goblin hits you but does no damage.
The gnoll hits you with a +0 flail of protection.
The gnoll hits you but does no damage.
Fire: a) +0 shortbow
Press: ? - help, Q - select action Shift-Dir - straight line, f/p - gnoll
Aim: a gnoll, wielding a +0 flail of protection (heavily wounded, 64% to hit)
You shoot an arrow. The arrow hits the gnoll.
The gnoll is heavily wounded.
The gnoll hits you with a +0 flail of protection.
* * * LOW HITPOINT WARNING * * *
The goblin hits you but does no damage.
The gnoll hits you from afar with a +1 spear of flaming.
* * * LOW HITPOINT WARNING * * *
The gnoll burns you.
You die...

# ..#..##
.##.#...
...[.. ##
#...####### #.
#..........
..####. #...##
'.... #.#..###
###.g##g##...#
#...gg@.####.#
#.#######
#.#+###
#.....#
#.....#
#.....#
#.....#
#.....#
#.....+
#.....#


You could see 3 gnolls and a goblin.

Vanquished Creatures
  2 ball pythons
  2 endoplasms (D:1)
  A giant cockroach (D:1)
  A hobgoblin (D:1)
  4 kobolds (D:1)
  2 quokkas (D:1)
  2 bats (D:1)
  2 rats (D:1)
16 creatures vanquished.

Notes
Turn   | Place    | Note
-------+----------+-------------------------------------------
     0 | D:1      | Jadoobi the Gargoyle Hunter began the quest for the Orb.
     0 | D:1      | Reached XP level 1. HP: 12/12 MP: 1/1
    72 | D:1      | Found a faded altar of an unknown god.
   170 | D:1      | Reached XP level 2. HP: 17/17 MP: 2/2
   864 | D:2      | Slain by a gnoll

Illustrated notes

Levels and vault maps discovered:
D:1:      eino_arrival_water_cross, layout_basic,
          shapermc_ecumenical_altar_totnotflames
D:2:      layout_basic, basic_altar

Action                     || total
---------------------------++-------
   Fire: Shortbow          ||    60
    Use: Scroll            ||     2
 Armour: Leather armour    ||    12
  Dodge: Dodged            ||    31
